 Dungeon Crawl Stone Soup version 0.31-a0-986-g5e6e4ef867 (webtiles) character file.

Game seed: 7680572165537242093

49 gelatine the Gusty (level 3, 0/25 HPs)
             Began as a Demonspawn Air Elementalist on Nov 11, 2023.
             Slain by a worm (7 damage)
             ... on level 3 of the Dungeon.
             The game lasted 00:04:22 (1499 turns).

gelatine the Gusty (Demonspawn Air Elementalist)    Turns: 1499, Time: 00:04:22

Health: 0/25       AC:  4    Str:  8    XL:     3   Next: 53%
Magic:  1/6        EV: 12    Int: 18    God:
Gold:   60         SH:  0    Dex: 13    Spells: 0/6 levels left

rFire   . . .        (no weapon)
rCold   . . .        (no shield)
rNeg    . . .        a - +0 robe
rPois   .            (no helmet)
rElec   .            (no cloak)
rCorr   .            (no gloves)
SInv    .            (no boots)
Will    .....        (no amulet)
Stlth   ++           (no ring)
HPRegen 0.24/turn    (no ring)
MPRegen 0.10/turn

%: no passive effects
@: no status effects
A: molten scales 1
a: no special abilities


You were on level 3 of the Dungeon.
You visited 1 branch of the dungeon, and saw 3 of its levels.

You collected 60 gold pieces.

Inventory:

Armour
 a - a +0 robe (worn)
 e - a +0 scale mail of cold resistance
Scrolls
 c - a scroll of silence {unknown}
 d - 2 scrolls of identify {unknown}
 g - a scroll of teleportation {unknown}
Potions
 b - a potion of magic
 f - a potion of might


   Skills:
 * Level 0.5 Fighting
 + Level 1.9 Dodging
 + Level 1.9 Stealth
 + Level 0.4 Unarmed Combat
 + Level 2.4 Spellcasting
 + Level 1.3 Conjurations
 * Level 3.4 Air Magic


You couldn't memorise any spells.
You knew the following spells:

 Your Spells              Type           Power      Damage    Failure   Level
a - Shock                 Conj/Air       40%        1d5       7%          1
b - Static Discharge      Conj/Air       20%        3-4/arc   10%         2
c - Swiftness             Air            14%        N/A       13%         3

Your spell library contained the following spells:

 Spells                   Type           Power      Damage    Failure   Level
 Airstrike                Air            7%         2d(1-17)  38%         4


Dungeon Overview and Level Annotations

Branches:
Dungeon (3/15)

Altars:


Innate Abilities, Weirdness & Mutations

You are partially covered in molten scales. (AC +2)


Message History

You hit the worm.
The worm is heavily wounded.
The worm barely misses you.
You hit the worm but do no damage.
The worm is heavily wounded.
You hit the worm but do no damage.
The worm is heavily wounded.
The worm closely misses you.
You barely miss the worm.
The worm is heavily wounded.
The worm barely misses you.
You hit the worm but do no damage.
The worm is heavily wounded.
You barely miss the worm.
The worm is heavily wounded.
The worm bites you!
You hit the worm but do no damage.
The worm is moderately wounded.
You hit the worm.
The worm is heavily wounded.
The worm bites you.
You hit the worm.
The worm is heavily wounded.
The worm misses you.
You hit the worm but do no damage.
The worm is heavily wounded.
You hit the worm but do no damage.
The worm is heavily wounded.
The worm bites you.
* * * LOW HITPOINT WARNING * * *
You hit the worm but do no damage.
The worm is heavily wounded.
You hit the worm but do no damage.
The worm is heavily wounded.
The worm closely misses you.
You hit the worm.
The worm is heavily wounded.
The worm misses you. The worm bites you!
You die...

##+## ##...##
##.....##
##.......##
#.........####...
+.....w@..'..)...
#.....<†..####...
##.......##
##.....## ##...##
##+##


You could see a worm.

Vanquished Creatures
  2 adders (D:2)
  A worm (D:2)
  6 ball pythons
  An endoplasm (D:2)
  A giant cockroach (D:2)
  2 hobgoblins
  A jackal (D:2)
  2 quokkas
  5 bats
  2 frilled lizards (D:2)
  2 goblins
  A rat (D:2)
26 creatures vanquished.

Notes
Turn   | Place    | Note
-------+----------+-------------------------------------------
     0 | D:1      | gelatine the Demonspawn Air Elementalist began the quest
                  | for the Orb.
     0 | D:1      | Reached XP level 1. HP: 13/13 MP: 3/3
    76 | D:1      | Reached skill level 3 in Air Magic
   229 | D:1      | Gained mutation: You are partially covered in molten
                  | scales. (AC +2) [demonic ancestry]
   229 | D:1      | Reached XP level 2. HP: 19/19 MP: 0/5
   523 | D:2      | Reached XP level 3. HP: 10/24 MP: 3/6
   591 | D:2      | Learned a level 2 spell: Static Discharge
   595 | D:2      | Learned a level 3 spell: Swiftness
  1245 | D:2      | Found a faded altar of an unknown god.
  1499 | D:3      | Slain by a worm

Illustrated notes

Levels and vault maps discovered:
D:1:      matt_arrival_grand_opening, layout_rooms, serial_shops, shop
D:2:      layout_basic, shapermc_ecumenical_altar_acropolis
D:3:      layout_loops_corners, grunt_ministairs_6, kennysheep_generic_room_8

Skill      XL: |  1 |
---------------+----+-----
Air Magic      | 3 |  3.4
Fighting       | |  0.5
Dodging        | |  1.9
Stealth        | |  1.9
Unarmed Combat | |  0.4
Spellcasting   | |  2.4
Conjurations   | |  1.3

Action                     || total
---------------------------++-------
  Melee: Unarmed           ||    52
         Punch             ||     2
   Cast: Shock             ||    64
    Use: Potion            ||     4
   Stab: Invisible         ||     1
 Armour: Robe              ||    48
  Dodge: Dodged            ||    64

Table legend: (Time is in decaauts)
 A = Elapsed time spent in this place.
 B = Non-inter-level travel time spent in this place.
 C = Inter-level travel time spent in this place.
 D = Time resting spent in this place.
 E = Time spent auto-exploring this place.
 F = Levels seen in this place.
 G = Mean time per level.
                   A        B        C        D        E       F      G
               +--------+--------+--------+--------+--------+-----+--------+
         Total |   1498 |   1469 |     29 |      0 |   1095 |   3 |  499.3 |
       Dungeon |   1498 |   1469 |     29 |      0 |   1095 |   3 |  499.3 |
               +--------+--------+--------+--------+--------+-----+--------+

Top non-repeatable levels by time:
     D:2: 1123 daAuts
     D:1: 301 daAuts
     D:3: 73 daAuts
